 Dungeon Crawl Stone Soup version 0.23-a0-703-gdf2d5e0dd9 (webtiles) character file.

177 Acheron the Poker (level 5, 0/40 HPs)
             Began as a Merfolk Gladiator on Jan 13, 2019.
             Slain by an orc
             ... wielding a +0 dagger
              (2 damage)
             ... on level 4 of the Dungeon.
             The game lasted 00:18:12 (3757 turns).

Acheron the Poker (Merfolk Gladiator)               Turns: 3757, Time: 00:18:12

Health: 0/40       AC:  6    Str: 17    XL:     5   Next: 57%
Magic:  7/7        EV: 14    Int: 10    God:
Gold:   102        SH:  0    Dex: 15    Spells: 7/7 levels left

rFire    . . .     SeeInvis .   a - +0 trident
rCold    . . .     Gourm    .   (no shield)
rNeg     . . .     Faith    .   b - +0 leather armour
rPois    .         Spirit   .   c - +0 helmet
rElec    .         Reflect  .   (no cloak)
rCorr    .         Harm     .   k - +0 pair of gloves
MR       .....                  m - +0 pair of boots
Stlth    ++........             (no amulet)
HPRegen  0.13/turn              v - +2 ring of strength
MPRegen  0.10/turn              z - +2 ring of intelligence

@: no status effects
A: change form in water, swift swim, stealthy swim
a: no special abilities


You were on level 4 of the Dungeon.
You were not hungry.

You visited 1 branch of the dungeon, and saw 4 of its levels.

You collected 102 gold pieces.

Inventory:

Hand Weapons
 a - a +0 trident (weapon)
 p - a +0 long sword
   (You took it off an orc on level 4 of the Dungeon)
 r - a +1 hand axe of electrocution
   (You found it on level 4 of the Dungeon)
 y - a +0 short sword of protection
   (You took it off an orc on level 2 of the Dungeon)
Missiles
 d - 3 throwing nets (quivered) {!f}
 g - 43 poisoned needles
 l - 120 stones
 q - 27 sling bullets
Armour
 b - a +0 leather armour (worn)
 c - a +0 helmet (worn)
 k - a +0 pair of gloves (worn)
   (You found it on level 1 of the Dungeon)
 m - a +0 pair of boots (worn)
   (You found it on level 3 of the Dungeon)
 s - a +0 scale mail
   (You took it off an orc on level 4 of the Dungeon)
Jewellery
 o - an uncursed amulet of faith {!P}
   (You found it on level 3 of the Dungeon)
 v - a +2 ring of strength (left hand)
   (You found it on level 3 of the Dungeon)
 z - a +2 ring of intelligence (right hand)
   (You found it on level 4 of the Dungeon)
Scrolls
 i - 4 scrolls of fear
 n - 2 scrolls of identify {@r1}
 x - 4 scrolls of remove curse {@r2}
Potions
 f - 2 potions of degeneration {unknown}
 h - a potion of lignification {!q}
 j - a potion of flight {unknown}
 u - a potion of agility
 w - a potion of heal wounds {@q2}
Comestibles
 e - 7 rations {!d}


   Skills:
 * Level 2.9 Fighting
 + Level 5.2 Polearms
 + Level 2.5 Throwing
 * Level 0.9 Armour
 * Level 5.0 Dodging
 * Level 2.3 Stealth
 + Level 1.5 Spellcasting


You had 7 spell levels left.
You didn't know any spells.
Your spell library was empty.

Dungeon Overview and Level Annotations

Branches:
Dungeon (4/15)
 Temple: D:4-7

Altars:
Ashenzari
Trog

Annotations:
D:4 1 runed door


Message History

The orc wizard hits you with a +0 dagger.
The orc barely misses you. The orc wizard barely misses you.
You closely miss the orc wizard. The orc barely misses you.
The orc wizard hits you but does no damage.
You barely miss the orc wizard. The orc closely misses you.
The orc wizard hits you with a +0 dagger.
You hit the orc wizard. The orc hits you with a +0 dagger.
The orc wizard barely misses you.
You hit the orc wizard. The orc barely misses you.
The orc wizard hits you but does no damage.
Unknown command.
You closely miss the orc wizard. The orc hits you but does no damage.
The orc wizard barely misses you.
You hit the orc wizard.
The orc priest calls upon Beogh to heal the orc wizard.
The orc wizard is healed somewhat.
The orc hits you but does no damage.
The orc wizard points at you and mumbles some strange words.
You are confused.
You barely miss the orc wizard. The orc hits you but does no damage.
The orc wizard closely misses you.
You closely miss the orc wizard. The orc closely misses you.
The orc wizard barely misses you.
You bump into the rock wall.
The orc priest calls down the wrath of Beogh upon you.
Beogh smites you!
* * * LOW HITPOINT WARNING * * *
The orc barely misses you.
The orc wizard hits you but does no damage.
You puncture the orc wizard! The orc hits you with a +0 dagger.
* * * LOW HITPOINT WARNING * * *
The orc wizard hits you with a +0 dagger.
* * * LOW HITPOINT WARNING * * *
You bump into the rock wall.
The orc priest calls upon Beogh to heal the orc wizard.
The orc wizard is healed somewhat.
The orc hits you but does no damage. The orc wizard casts a spell at you.
The magic dart hits you!
* * * LOW HITPOINT WARNING * * *
You're too confused to move!
The orc hits you but does no damage. The orc wizard closely misses you.
You closely miss the orc wizard.
You feel less confused. The orc hits you but does no damage.
The orc wizard casts a spell at you. The magic dart hits you!
* * * LOW HITPOINT WARNING * * *
You closely miss the orc wizard. The orc closely misses you.
The orc wizard barely misses you.
You closely miss the orc wizard. The orc hits you with a +0 dagger.
You die...

#.##.##
##.......##
#..### ##.....##
##.# ##...## #.#
##+## #.# #§#
#§# ##
#####§##### o.#
#....o@oo.# ....
#.###.###.#
....# #.#
#§###.####......
#.#
#........o!..#
#.#
#####.########
#.#######.#
#.........#
###########


You could see an orc priest, an orc wizard and an orc.

Vanquished Creatures
  An orc priest (D:4)
  An orc wizard (D:3)
  2 gnolls (D:3)
  An adder (D:2)
  An ooze (D:3)
  An adder skeleton (D:4)
  A worm (D:2)
  2 dart slugs
  2 leopard geckos
  10 orcs
  3 giant cockroaches
  8 goblins
  8 hobgoblins
  11 kobolds
  A quokka (D:3)
  A ball python (D:3)
  8 bats
  2 frilled lizards
  A leopard gecko skeleton (D:4)
  6 rats
71 creatures vanquished.

Notes
Turn   | Place    | Note
-------+----------+-------------------------------------------
     0 | D:1      | Acheron the Merfolk Gladiator began the quest for the Orb.
     0 | D:1      | Reached XP level 1. HP: 16/16 MP: 1/1
   155 | D:1      | Found a shattered altar of Ashenzari.
   175 | D:1      | Reached XP level 2. HP: 22/22 MP: 2/2
   465 | D:2      | Reached skill level 1 in Stealth
   498 | D:2      | Noticed a phantom
   542 | D:2      | HP: 1/23 [phantom (6)]
  1188 | D:1      | Reached XP level 3. HP: 28/28 MP: 2/4
  1842 | D:4      | Found a runed door.
  1842 | D:4      | Noticed a bullfrog
  1880 | D:4      | Reached skill level 1 in Spellcasting
  1880 | D:4      | Reached XP level 4. HP: 23/34 MP: 5/5
  2178 | D:3      | Reached skill level 5 in Polearms
  2361 | D:3      | Found a bloodstained altar of Trog.
  2937 | D:2      | Reached XP level 5. HP: 39/39 MP: 5/7
  3196 | D:3      | Reached skill level 5 in Dodging
  3755 | D:4      | HP: 1/40 [orc wizard/magic dart (3)]
  3757 | D:4      | Slain by an orc

Vault maps used:
D:1:      psy_arrival_radial01, nicolae_ashenzari_panopticon
D:2:      serial_aquarium, aquarium_bridge_straight, aquarium_window_corner,
          aquarium_window_corner, aquarium_window_fake, aquarium_view_2d,
          aquarium_view_2b, first_ration, minmay_box_of_dots
D:3:      minmay_wonky_spiral, trog_three_pillars_becter
D:4:      lemuel_coloured_pillars_altar, ebering_ghost_sewer_d, uniq_menkaure

Skill      XL: |  1  2  3  4  5 |
---------------+----------------+-----
Stealth        | 1 2 |  2.3
Spellcasting   | 1 |  1.5
Polearms       | 5 |  5.2
Dodging        | 5 |  5.0
Fighting       | |  2.9
Throwing       | |  2.5
Armour         | |  0.9

Action                   |  1- 3 |  4- 6 || total
-------------------------+-------+-------++-------
Melee: Trident           |   132 |   172 ||   304
  Use: Scroll            |     5 |     4 ||     9
       Potion            |     1 |     2 ||     3
 Stab: Sleeping          |     1 |     2 ||     3
  Eat: Chunk             |     3 |     5 ||     8
       Ration            |       |     1 ||     1
Armor: Leather armour    |    38 |    51 ||    89
Dodge: Dodged            |   119 |   166 ||   285

Table legend:
 A = Non-vault XP
 B = Vault XP
 C = Vault XP percentage of total XP
 D = Non-vault monster count
 E = Vault monster count
 F = Vault count percentage of total count
                 A         B        C        D         E       F
            +---------+---------+-------+---------+---------+-------
      Total |     240 |      14 |   5.5 |      65 |       6 |   8.5
            +---------+---------+-------+---------+---------+-------
        D:1 |      31 |       0 |   0.0 |      20 |       0 |   0.0
        D:2 |      41 |       7 |  14.6 |      15 |       2 |  11.8
        D:3 |     109 |       7 |   6.0 |      23 |       4 |  14.8
        D:4 |      59 |       0 |   0.0 |       7 |       0 |   0.0
            +---------+---------+-------+---------+---------+-------
